 Dungeon Crawl Stone Soup version 0.19-a0-1007-g133f65f (webtiles) character file.

84 nextgen the Charlatan (level 4, -1/33 HPs)
             Began as a Demonspawn Artificer on July 19, 2016.
             Killed from afar by an orc wizard (6 damage)
             ... with a puff of flame
             ... on level 3 of the Dungeon.
             The game lasted 00:03:00 (2700 turns).

nextgen the Charlatan (Demonspawn Artificer)        Turns: 2700, Time: 00:03:00

Health: -1/33      AC:  7    Str: 14    XL:     4   Next: 24%
Magic:  0/6        EV: 10    Int: 12    God:
Gold:   106        SH:  0    Dex: 13    Spells: 0 memorised, 3 levels left

rFire  . . .     SeeInvis .     a - +0 short sword
rCold  . . .     Gourm    .     n - +0 scale mail
rNeg   . . .     Faith    .     (no shield)
rPois  .         Spirit   +     (no helmet)
rElec  .         Dismiss  .     m - +0 cloak
rCorr  .         Reflect  .     (no gloves)
SustAt .         Harm     .     (no boots)
MR     .....     Rnd*Tele +     (no amulet)
Stlth  ..........               (no ring)
                                q - ring of teleportation (curse)

@: not resistant to hostile enchantments, extremely unstealthy
A: talons 1, magic shield, magic regeneration
a: no special abilities


You were on level 3 of the Dungeon.
You were very hungry.

You visited 1 branch of the dungeon, and saw 3 of its levels.

You collected 106 gold pieces.

Inventory:

Hand Weapons
 a - a +0 short sword (weapon)
Armour
 b - a +0 leather armour
 m - a +0 cloak (worn)
 n - a +0 scale mail (worn)
Jewellery
 q - a cursed ring of teleportation (left hand)
Wands
 c - a wand of flame (15/48)
 d - a wand of enslavement (14/24)
 e - a wand of random effects (15/48)
 s - a wand of lightning (5/15)
Scrolls
 k - 2 scrolls of fog
Potions
 g - a potion of resistance {unknown}
 j - a potion of degeneration
 l - a potion of flight
 o - 2 potions of lignification
 r - a potion of might {unknown}
 t - 2 potions of ambrosia
Comestibles
 f - a bread ration
 h - 2 fruits
 p - 2 slices of pizza


   Skills:
 + Level 1.7 Fighting
 - Level 0.8 Short Blades
 + Level 2.0 Armour
 + Level 2.5 Dodging
 - Level 1.0 Stealth
 + Level 3.5 Evocations


You had 3 spell levels left.
You didn't know any spells.

Dungeon Overview and Level Annotations

Branches:
Dungeon (3/15)

Altars:
Elyvilon
Uskayaw
Yredelemnul
Zin


Innate Abilities, Weirdness & Mutations

You have sharp toenails.
When hurt, damage is shared between your health and your magic reserves.
You regenerate magic rapidly.


Message History

The orc wizard hits you but does no damage.
Unknown command.
You hit the orc wizard. You claw the orc wizard.
The orc wizard is severely wounded.
The orc wizard barely misses you. The orc completely misses you.
Unknown command.
You barely miss the orc wizard.
The orc wizard is severely wounded.
The orc wizard hits you with a dagger.
* * * LOW HITPOINT WARNING * * *
The orc hits you but does no damage. The orc wizard hits you with a dagger.
* * * LOW HITPOINT WARNING * * *
Unknown command.
You closely miss the orc wizard.
The orc wizard is severely wounded.
The orc wizard hits you but does no damage.
The orc hits you but does no damage. The orc wizard casts a spell at you.
The puff of flame hits you!
You die...

#? .. #. #.
#. #.. #.
). #. )#
##.#)#
##..oo#
####..#@###
$.........#
........<.#
..........#
!.........#
..........#
###########


You could see an orc wizard and an orc.

Vanquished Creatures
  An orc priest (D:3)
  2 adders
  A dart slug (D:2)
  3 orcs (D:3)
  8 bats
  4 goblins
  5 hobgoblins
  6 kobolds
  5 rats
35 creatures vanquished.

Notes
Turn   | Place    | Note
-------+----------+-------------------------------------------
     0 | D:1      | nextgen the Demonspawn Artificer began the quest for the Orb.
     0 | D:1      | Reached XP level 1. HP: 15/15 MP: 3/3
   632 | D:1      | Gained mutation: When hurt, damage is shared between your health and your magic reserves. [demonic ancestry]
   632 | D:1      | Reached XP level 2. HP: 17/21 MP: 4/4
   771 | D:1      | Reached skill level 1 in Stealth
  1507 | D:1      | Reached skill level 1 in Armour
  1560 | D:1      | Gained mutation: You have sharp toenails. [demonic ancestry]
  1560 | D:1      | Reached XP level 3. HP: 26/26 MP: 5/5
  1648 | D:2      | Found a white marble altar of Elyvilon.
  2359 | D:2      | Found a glowing silver altar of Zin.
  2360 | D:2      | Found a basalt altar of Yredelemnul.
  2579 | D:2      | Found a hide-covered altar of Uskayaw.
  2695 | D:3      | Gained mutation: You regenerate magic rapidly. [demonic ancestry]
  2695 | D:3      | Reached XP level 4. HP: 6/33 MP: 1/6
  2700 | D:3      | Killed from afar by an orc wizard

Vault maps used:
D:1:      dpeg_arrival_signposts
D:2:      old_standard_altar, nicolae_overflow_crystal_walls,
          gammafunk_temple_overflow_statue, minmay_ruptured
D:3:      portal_sewer_entry_b

Skill      XL: |  1  2  3 |
---------------+----------+-----
Stealth        | 1 |  1.0
Dodging        | 2 |  2.5
Armour         | 1 2 |  2.0
Fighting       | |  1.7
Short Blades   | |  0.8
Evocations     | |  3.5

Action                   |  1- 3 |  4- 6 || total
-------------------------+-------+-------++-------
Melee: Short sword       |   163 |     5 ||   168
       Kick              |    19 |     2 ||    21
Evoke: Wand              |     2 |     1 ||     3
  Use: Scroll            |     5 |       ||     5
 Stab: Sleeping          |     1 |       ||     1
  Eat: Bread ration      |     1 |       ||     1
Armor: Leather armour    |    28 |       ||    28
       Scale mail        |    53 |     6 ||    59
Dodge: Dodged            |   112 |     6 ||   118
